Map: Lost and Found LE

Players

Patches - Winner!

  • Race: Zerg Zerg
  • League: Diamond
  • Spawn Location: 1:00

DemoniacMilk

  • Race: Terran Terran
  • League: Diamond
  • Spawn Location: 7:00

VOD

Have the link to the VOD?

Description

Time

  • Played on: Aug. 31, 2018, 1:30 p.m.
  • Length: 14:13
Show
View Real Time Build Order
Export as new Build Order

Patches Zerg - Winner!

Build Orders: Pool First 

Get SALT Encoding   

  12  0:00  Drone  
  13  0:13  Overlord  
  13  0:18  Drone  
  14  0:32  Drone x2  
  14  0:35  Drone  
  17  0:44  Spawning Pool  
  17  0:47  Drone  
  17  1:09  Hatchery  
  16  1:12  Drone  
  17  1:26  Extractor  
  17  1:31  Zergling x6  
  19  1:34  Queen  
  21  1:42  Overlord  
  21  2:02  Hatchery  
  21  2:06  Drone  
  22  2:08  Drone  
  22  2:15  Drone  
  23  2:27  Queen  
  23  2:29  Drone  
  26  2:30  Drone  
  27  2:43  Metabolic Boost  
  27  2:45  Drone x2  
  27  2:47  Drone  
  30  2:53  Overlord  
  29  3:21  Drone x5  
  29  3:22  Overlord  
  29  3:24  Queen  
  29  3:26  Queen  
  38  3:50  Drone x2  
  38  3:54  Zergling x10  
  38  3:55  Zergling x12  
  51  4:22  Overlord x2  
  51  4:24  Overlord  
  51  4:44  Queen x3  
  51  4:45  Overlord  
  56  4:46  Drone x3  
  56  4:47  Drone x8  
  67  4:54  Evolution Chamber  
  67  4:56  Evolution Chamber  
  65  5:13  Extractor  
  64  5:15  Extractor  
  64  5:16  Drone x9  
  72  5:25  Overlord, Drone  
  73  5:38  Overlord  
  73  5:43  Zerg Melee Weapons Level 1  
  73  5:44  Zerg Ground Armor Level 1  
  73  5:51  Lair  
  73  5:53  Hatchery  
  72  5:57  Zergling x20  
  72  5:58  Zergling x8  
  86  6:10  Queen x2  
  90  6:15  Drone x5  
  95  6:26  Spore Crawler  
  95  6:27  Drone x3, Spore Crawler  
  95  6:28  Drone x2  
  95  6:30  Overlord x2  
  91  6:45  Zergling x8  
  91  6:46  Zergling x6  
  90  6:58  Queen  
  92  7:04  Extractor  
  92  7:06  Extractor  
  92  7:07  Drone x3  
  92  7:08  Drone x3  
  96  7:10  Queen  
  98  7:26  Hatchery  
  97  7:31  Drone x4  
  97  7:35  Zergling x24  
  113  7:39  Zerg Melee Weapons Level 2  
  113  7:40  Baneling Nest, Zerg Ground Armor Level 2  
  113  7:42  Overlord x2  
  109  8:26  Centrifical Hooks  
  109  8:30  Infestation Pit  
  109  8:31  Queen  
  110  8:39  Zergling x38  
  129  8:48  Drone, Queen, Extractor  
  130  8:50  Pneumatized Carapace  
  130  8:52  Overlord  
  130  8:53  Overlord x3  
  131  9:02  Drone  
  132  9:03  Drone x9  
  141  9:13  Zergling x4  
  141  9:14  Zergling x10  
  141  9:15  Extractor  
  147  9:20  Drone, Extractor  
  147  9:21  Drone  
  148  9:38  Hive  
  148  9:42  Spire  
  147  9:47  Baneling x11  
  147  9:48  Baneling x23  
  147  9:52  Overseer  
  147  9:53  Overseer x2  
  147  9:54  Overlord x4  
  147  10:19  Overlord  
  147  10:20  Queen  
  149  10:22  Zergling x14  
  149  10:23  Zergling x2  
  143  10:43  Zergling x2  
  143  10:44  Zergling x58  
  143  10:45  Zergling x8  
  143  10:49  Zergling x2  
  141  10:58  Adrenal Glands  
  141  10:59  Zerg Melee Weapons Level 3  
  141  11:00  Zerg Ground Armor Level 3  
  141  11:11  Viper x2, Greater Spire  
  141  11:12  Viper  
  150  11:26  Zergling x10  
  150  11:27  Zergling x22  
  150  11:29  Baneling x12  
  150  11:30  Baneling x3  
  166  11:47  Hatchery  
  165  11:53  Corruptor x4  
  165  11:54  Corruptor  
  175  12:02  Drone x2  
  175  12:03  Drone x4  
  181  12:15  Zergling x20  
  155  12:16  Zergling x24  
  150  12:39  Zergling x26  
  150  12:40  Zergling x12  
  150  12:42  Baneling  
  168  12:46  Brood Lord  
  168  12:47  Brood Lord x4  
  168  12:48  Zergling x10  
  176  13:15  Zergling x12  
  176  13:16  Zergling x38  
  188  13:23  Zergling x8  
  170  13:41  Zergling x4  
  170  13:42  Zergling x38  
  179  13:51  Zergling x8  
Show
View Real Time Build Order
Export as new Build Order

DemoniacMilk Terran 

Build Orders: Cyclone Opening, Reaper Expand, Bio Mine 

Get SALT Encoding   

  12  0:01  SCV  
  13  0:13  SCV  
  14  0:17  Supply Depot  
  14  0:25  SCV  
  14  0:27  Refinery  
  15  0:39  SCV  
  16  0:45  Barracks  
  16  0:52  SCV  
  17  1:04  SCV  
  19  1:25  SCV  
  19  1:35  Barracks Reactor  
  19  1:38  Reaper  
  20  1:40  Command Center  
  20  1:48  Orbital Command  
  20  2:00  Factory  
  20  2:08  Supply Depot  
  20  2:12  Barracks Reactor  
  20  2:16  SCV  
  21  2:28  SCV  
  21  2:29  Refinery  
  22  2:40  SCV  
  23  2:48  Cyclone  
  26  3:14  SCV  
  26  3:18  Marine x2, Orbital Command  
  28  3:23  Barracks  
  28  3:25  Barracks  
  28  3:29  SCV, Factory Tech Lab  
  28  3:31  Factory Reactor  
  29  3:36  Starport  
  29  3:38  Marine x2  
  29  3:41  SCV  
  32  3:50  SCV  
  32  3:55  SCV  
  34  3:59  Marine x2  
  34  4:02  SCV  
  37  4:10  Orbital Command  
  37  4:12  Barracks Tech Lab, Marine  
  37  4:16  Marine  
  39  4:18  Marine  
  39  4:22  Factory Tech Lab  
  39  4:23  SCV  
  41  4:30  Marine  
  41  4:31  Stimpack  
  42  4:32  Supply Depot, Marine  
  42  4:33  Medivac, Supply Depot  
  42  4:34  Marine  
  46  4:53  Marine  
  46  4:54  Medivac, SCV x2, Siege Tank  
  46  4:55  Supply Depot, Marine  
  46  4:58  Marine  
  56  5:00  Barracks Tech Lab  
  56  5:02  Barracks Reactor  
  56  5:06  SCV x2  
  58  5:09  Engineering Bay  
  58  5:14  Marine x2  
  58  5:16  Marine  
  58  5:18  SCV x2  
  63  5:28  Viking  
  65  5:30  SCV  
  65  5:32  SCV, Supply Depot, Marine x2  
  65  5:34  Marine  
  70  5:38  Factory Reactor  
  70  5:45  Supply Depot  
  70  5:53  Medivac, SCV x2  
  74  6:04  Command Center  
  74  6:05  SCV, Marine x2  
  74  6:10  SCV, Marine x3  
  81  6:16  Barracks  
  81  6:17  Barracks  
  81  6:18  Terran Infantry Weapons Level 1  
  81  6:19  SCV  
  81  6:22  SCV  
  81  6:24  Refinery  
  74  6:47  Marine x3  
  74  6:48  Marauder, Marine  
  74  6:49  Medivac x2  
  82  7:00  SCV  
  75  7:03  SCV, Engineering Bay  
  75  7:05  Armory, Barracks Reactor, Marine  
  75  7:06  Marine x3  
  81  7:09  Marine  
  81  7:13  Barracks Reactor  
  81  7:15  SCV  
  81  7:16  SCV  
  81  7:17  Refinery  
  81  7:20  Supply Depot  
  83  7:23  Supply Depot, Marine  
  83  7:24  Marine x3  
  83  7:25  Supply Depot  
  83  7:27  SCV, Marine  
  89  7:36  Medivac  
  91  7:37  Widow Mine x2  
  91  7:40  SCV  
  91  7:41  SCV, Marine  
  91  7:42  Marine  
  99  7:50  Marine  
  99  7:51  Marine x5  
  103  7:52  Marauder  
  103  7:53  SCV  
  108  7:58  Marine  
  108  8:06  Marine  
  108  8:08  Marine x2  
  111  8:13  Marauder  
  111  8:16  Marine x3  
  106  8:20  Medivac x2  
  106  8:21  SCV  
  106  8:22  Factory  
  106  8:23  Orbital Command  
  106  8:24  SCV  
  110  8:33  SCV  
  111  8:34  Marauder  
  111  8:35  Marine x4  
  111  8:36  SCV, Marine  
  111  8:39  Combat Shields  
  119  8:42  Marine  
  119  8:45  SCV  
  119  8:48  SCV, Marine x2  
  122  8:55  Terran Infantry Armor Level 1  
  124  8:58  Refinery  
  124  9:02  Supply Depot  
  124  9:03  Supply Depot  
  124  9:05  Supply Depot  
  124  9:23  Marine  
  124  9:24  Marauder, Siege Tank, Marine x6  
  133  9:25  Widow Mine x2  
  133  9:29  Marine  
  133  9:31  SCV, Terran Infantry Weapons Level 2  
  142  9:35  Supply Depot  
  142  9:36  Supply Depot  
  137  9:41  Marine x2  
  137  9:43  SCV  
  142  9:46  Marauder  
  142  9:48  Widow Mine x2  
  142  9:49  Drilling Claws  
  142  9:51  Medivac  
  148  9:57  Widow Mine  
  150  10:00  Refinery  
  150  10:03  Marine x2  
  150  10:04  Supply Depot x2, Marine x5  
  150  10:05  Supply Depot  
  150  10:06  Supply Depot  
  138  10:45  Marine x4  
  138  10:46  Marauder, Marine x4  
  100  11:00  Siege Tank  
  100  11:03  Barracks, Marine x5  
  100  11:04  Marine x3  
  105  11:05  Barracks  
  105  11:07  Barracks, Marine  
  105  11:08  Widow Mine x2  
  112  11:18  Medivac x2  
  116  11:21  Marine x6  
  116  11:22  Marine x2  
  116  11:24  Factory  
  116  11:25  Marine  
  124  11:27  Command Center  
  124  11:29  Widow Mine  
  124  11:32  Siege Tank  
  130  11:38  Marine  
  130  11:39  Marine x6  
  136  11:41  Marine  
  138  11:48  Medivac, Widow Mine  
  138  11:50  Marine  
  138  11:51  Widow Mine  
  138  11:52  Barracks Tech Lab, Barracks Reactor  
  138  11:53  Barracks Tech Lab  
  145  11:56  Marine x2  
  145  11:57  Marine x3, Starport  
  145  11:59  Marine x3  
  153  12:01  Medivac  
  153  12:04  Siege Tank  
  153  12:08  Marine  
  159  12:14  Marine x4  
  159  12:15  Marine  
  141  12:17  Marine x2  
  141  12:18  Medivac  
  114  12:35  Marine x2  
  114  12:36  Widow Mine, Marine x8  
  114  12:37  Marine x3  
  118  12:38  Widow Mine x2  
  127  12:52  Medivac x2  
  127  12:53  Marine x4  
  127  12:54  Factory Tech Lab, Planetary Fortress, Marine x6  
  127  12:55  Marauder x2  
  127  12:56  SCV x2  
  127  12:57  SCV  
  127  12:58  Marine, Widow Mine  
  149  13:00  Widow Mine x2  
  153  13:11  Marine x3  
  156  13:17  Marine x3  
  156  13:19  Marine x2  
  153  13:22  Medivac  
  135  13:28  Marine x3  
  104  13:48  Marine x2  
  104  13:50  Marine x5  
  104  13:52  Marine x4  
  104  13:53  Marine x2  
Tags
 
Add a new tag
Caveats
  • Supply blocks, unpowered buildings, or Contaminate may cause inaccurate times.
  • Supply counts are checked every 10 seconds.